 Dungeon Crawl Stone Soup version 0.29.1-1-gd02db6906a (webtiles) character file.

Game seed: 4056021045285198648

5737 safid the Marksminotaur (level 10, -1/115 HPs)
             Began as a Minotaur Hunter on Oct 18, 2022.
             Was a Priest of Okawaru.
             Slain by a troll (11 damage)
             ... on level 8 of the Dungeon.
             The game lasted 00:17:56 (8489 turns).

safid the Marksminotaur (Minotaur Hunter)           Turns: 8489, Time: 00:17:57

Health: -1/115     AC: 29    Str: 17    XL:     10   Next: 49%
Magic:  0/9        EV:  2    Int:  6    God:    Okawaru [***...]
Gold:   496        SH:  0    Dex: 17    Spells: 9/9 levels left

rFire   . . .      SeeInvis .   t - +0 arbalest
rCold   . . .      Faith    .   (shield currently unavailable)
rNeg    . . .      Spirit   +   (body armour currently unavailable)
rPois   +          Reflect  .   (helmet currently unavailable)
rElec   .          Harm     .   (cloak currently unavailable)
rCorr   .          Rampage  .   (gloves currently unavailable)
Will    .....      NoTele   +   (boots currently unavailable)
Stlth   ++........              l - amulet of guardian spirit
HPRegen 0.29/turn               p - +4 ring of protection
MPRegen 0.11/turn               q - +4 ring of evasion

@: tree-form
A: stationary, stasis, torment immunity, boosted hp, (horns 2), (retaliatory
headbutt)
a: Renounce Religion, Heroism


You were on level 8 of the Dungeon.
You worshipped Okawaru.
Okawaru was most pleased with you.
You were a tree.
You visited 2 branches of the dungeon, and saw 12 of its levels.
You also visited: Bailey.

You collected 496 gold pieces.

Inventory:

Hand Weapons
 t - a +0 arbalest (weapon)
Armour
 d - a +0 pair of gloves (melded)
 g - a +0 pair of boots (melded)
 k - a +2 troll leather armour (melded)
 n - a +0 cloak (melded)
Jewellery
 l - an amulet of guardian spirit (around neck)
 m - a ring of positive energy
 p - a +4 ring of protection (left branch)
 q - a +4 ring of evasion (right branch)
 r - a +6 ring of strength
Wands
 h - a wand of quicksilver (3)
 o - a wand of digging (9)
 u - a wand of mindburst (8)
Scrolls
 a - a scroll of fear {unknown}
 c - a scroll of silence {unknown}
 j - a scroll of teleportation {unknown}
 x - a scroll of poison {unknown}
 A - a scroll of enchant weapon {unknown}
 C - a scroll of torment {unknown}
Potions
 b - a potion of berserk rage {unknown}
 f - a potion of magic {unknown}
 i - a potion of brilliance
 s - 2 potions of lignification
 v - 2 potions of flight {unknown}
 z - a potion of ambrosia


   Skills:
 - Level 3.0 Fighting
 + Level 17.2 Ranged Weapons
 - Level 2.1 Dodging
 - Level 0.7 Stealth


You had 9 spell levels left.
You didn't know any spells.
Your spell library contained the following spells:

 Spells                   Type           Power      Damage    Failure   Level
 Passwall                 Tmut/Erth      0%         N/A       58%         2
 Static Discharge         Conj/Air       0%         3-3/arc   58%         2
 Gell's Gravitas          Tloc           0%         N/A       83%         3
 Teleport Other           Tloc           0%         N/A       83%         3
 Dispel Undead            Necr           0%         3d6       99%         4
 Sticky Flame             Conj/Fire      0%         2d3       99%         4
 Iskenderun's Battlesphe  Conj           0%         2d6       100%        5
 Dispersal                Tloc           0%         N/A       100%        6
 Iron Shot                Conj/Erth      0%         9d1       100%        6
 Spellforged Servitor     Conj/Summ      Unusable   N/A       N/A         7

Dungeon Overview and Level Annotations

Branches:
Dungeon (11/15)            Temple (1/1) D:7          Bailey (visited)
   Lair: D:8-11         Orc: D:9-12

Altars:
Ashenzari
Dithmenos
Elyvilon
Fedhas
Gozag
Hepliaklqana
Kikubaaqudgha
Makhleb
Nemelex Xobeh
Okawaru
Qazlal
Ru
Sif Muna
Trog
Uskayaw
Vehumet
Wu Jian
Xom
Zin
The Shining One

Shops:
D:7 (

Annotations:
D:7 1 runed translucent door, Crazy Yiuf


Innate Abilities, Weirdness & Mutations

You are a tree.
Your roots penetrate the ground, keeping you stationary.
You cannot be teleported.
You are immune to unholy pain and torment.
Your maximum health is greatly increased.
Your equipment is partially melded.
((You have a pair of horns on your head.))
((You reflexively headbutt those who attack you in melee.))


Message History

The bolt hits the troll but does no damage.
The troll is almost dead.
The troll bites you but does no damage.
The troll claws you but does no damage. x2
The troll bites you but does no damage.
The troll claws you but does no damage. x2
Fire: t) +0 arbalest
Press: ? - help, Q - select action, (/) - cycle Shift-Dir - straight line, f/p - troll
Aim: a troll (almost dead, 65% to hit)
You shoot a bolt. The bolt barely misses the troll.
The troll bites you but does no damage. The troll claws you but does no damage.
The troll claws you!
* * * LOW HITPOINT WARNING * * *
The troll bites you.
* * * LOW HITPOINT WARNING * * *
The troll claws you but does no damage. x2
You feel better. The troll bites you.
* * * LOW HITPOINT WARNING * * *
The troll claws you but does no damage. The troll claws you.
* * * LOW HITPOINT WARNING * * *
The troll bites you but does no damage. The troll claws you but does no damage.
The troll barely misses you.
Fire: t) +0 arbalest
Press: ? - help, Q - select action, (/) - cycle Shift-Dir - straight line, p - troll You can't see that place. [a rock wall.]
Okay, then.
Unknown command.
You feel better. The troll barely misses you.
The troll claws you but does no damage. x2
The troll bites you but does no damage. The troll claws you!
* * * LOW HITPOINT WARNING * * *
The troll claws you but does no damage.
Fire: t) +0 arbalest
Press: ? - help, Q - select action, (/) - cycle Shift-Dir - straight line, f/p - troll
Aim: a troll (severely wounded, 65% to hit)
You shoot a bolt. The bolt hits the troll!!
You kill the troll!
Okawaru is honoured by your kill.
The troll leather armour is intact enough to wear.
The troll bites you!
You die...

##♣P
##.....)...)....
#...
##........#.##.
##P.#
#.....).##....
###...P##
##......#######
#......P###.##...##
#≈
#....§..##.####+##
## #..P..P...##
#.#.##.#[## ###♣#
#T# ... ##... #....
##.... ..... .#####


You could see a troll.

Vanquished Creatures
  An ugly thing (D:7)
  A manticore (D:7)
  A gargoyle (D:10)
  3 trolls
  5 yaks (D:10)
  A vampire (D:7)
  A wyvern (D:9)
  2 steam dragons
  3 water moccasins
  2 ice beasts (D:6)
  A black bear (D:5)
  7 orc warriors
  2 ogres
  A phantom (D:7)
  2 kobold brigands
  2 bullfrogs
  A scorpion (D:5)
  A howler monkey (D:5)
  3 orc priests (D:8)
  3 jellies
  A hound (D:5)
  4 iguanas
  6 orc wizards
  5 gnolls
  6 adders
  2 white imps
  2 worms
  5 dart slugs
  34 orcs
  4 endoplasms
  A giant cockroach (D:3)
  7 goblins
  7 hobgoblins
  8 jackals (D:1)
  5 quokkas
  2 ball pythons
  A bat (D:3)
  5 frilled lizards
  9 kobolds
  2 rats
159 creatures vanquished.

Vanquished Creatures (collateral kills)
  An orc knight (Bailey)
1 creature vanquished.

Vanquished Creatures (others)
  A fungus (D:7)
  A plant (D:8)
2 creatures vanquished.

Grand Total: 162 creatures vanquished

Notes
Turn   | Place    | Note
-------+----------+-------------------------------------------
     0 | D:1      | safid the Minotaur Hunter began the quest for the Orb.
     0 | D:1      | Reached XP level 1. HP: 18/18 MP: 0/0
   192 | D:1      | Reached XP level 2. HP: 21/26 MP: 1/1
   290 | D:1      | Reached skill level 5 in Ranged Weapons
   510 | D:1      | Reached XP level 3. HP: 27/31 MP: 2/2
  1233 | D:2      | Identified the +2 robe of Fallacy {Harm rElec rF++ rN+}
  1330 | D:2      | Reached XP level 4. HP: 38/38 MP: 3/3
  1461 | D:2      | Reached skill level 6 in Ranged Weapons
  1970 | D:3      | Reached XP level 5. HP: 45/45 MP: 4/4
  2051 | D:3      | Identified the +10 dagger "Qoik" {chaos, *Corrode rElec rF-
                  | Stlth+}
  2658 | D:4      | Reached skill level 7 in Ranged Weapons
  2873 | D:4      | Found a shadowy altar of Dithmenos.
  2932 | D:4      | Noticed an ogre
  2937 | D:4      | Killed an ogre
  2938 | D:4      | Reached skill level 8 in Ranged Weapons
  2938 | D:4      | Reached XP level 6. HP: 31/51 MP: 3/5
  3260 | D:4      | Found an opulent altar of Gozag.
  3261 | D:4      | Found a sacrificial altar of Ru.
  3563 | D:5      | Entered Level 5 of the Dungeon
  3687 | D:5      | Noticed a water moccasin
  3692 | D:5      | Killed a water moccasin
  3693 | D:5      | Reached skill level 9 in Ranged Weapons
  3693 | D:5      | Reached XP level 7. HP: 56/57 MP: 6/6
  3852 | D:5      | Found a broken altar of Ashenzari.
  4044 | D:5      | Reached skill level 10 in Ranged Weapons
  4481 | D:6      | Found a shimmering blue altar of Sif Muna.
  4488 | D:6      | Got Sif Muna's Quarto of Transfiguration
  4498 | D:6      | Found a bloodstained altar of Trog.
  4523 | D:6      | Reached skill level 11 in Ranged Weapons
  4523 | D:6      | Reached XP level 8. HP: 26/63 MP: 3/7
  5360 | D:6      | Reached skill level 12 in Ranged Weapons
  5601 | D:6      | Found an ancient bone altar of Kikubaaqudgha.
  5666 | D:7      | Found a burning altar of Makhleb.
  5775 | D:7      | Found a runed translucent door.
  5776 | D:7      | Noticed Crazy Yiuf
  5940 | D:7      | Found a staircase to the Ecumenical Temple.
  5947 | Temple   | Entered the Ecumenical Temple
  6026 | D:7      | Found a flagged portal.
  6040 | Bailey   | Entered a bailey
  6079 | Bailey   | Reached skill level 13 in Ranged Weapons
  6340 | Bailey   | Reached XP level 9. HP: 16/69 MP: 4/8
  6626 | Bailey   | Noticed an orc knight
  6634 | Bailey   | Identified the +5 plate armour of Stoicism {Will+ Dex+3
                  | SInv}
  6730 | Bailey   | Killed an orc knight
  6731 | Bailey   | Reached skill level 14 in Ranged Weapons
  7274 | Temple   | Became a worshipper of Warmaster Okawaru
  7352 | D:7      | Noticed a troll
  7364 | D:7      | Killed a troll
  7512 | D:7      | Noticed a red ugly thing
  7520 | D:7      | Noticed a manticore
  7539 | D:7      | Killed a red ugly thing
  7540 | D:7      | Reached skill level 15 in Ranged Weapons
  7634 | D:7      | Killed a manticore
  7634 | D:7      | Reached * piety under Okawaru
  7665 | D:7      | Found Akoib's Weapon Shoppe.
  7920 | D:7      | Reached XP level 10. HP: 59/77 MP: 6/9
  8097 | D:8      | Reached skill level 16 in Ranged Weapons
  8129 | D:8      | You fall into a shaft and drop 3 floors!
  8134 | D:10     | Entered Level 10 of the Dungeon
  8139 | D:10     | Noticed a gargoyle
  8195 | D:10     | Killed a gargoyle
  8282 | D:10     | Reached ** piety under Okawaru
  8350 | D:9      | Reached skill level 17 in Ranged Weapons
  8479 | D:8      | Reached *** piety under Okawaru
  8486 | D:8      | HP: 5/115 [troll (6)]
  8489 | D:8      | Slain by a troll

Illustrated notes

Levels and vault maps discovered:
D:1:      psy_arrival_terrarium, layout_basic
D:2:      layout_rooms, minmay_fractal_squares_gapless_5
D:3:      layout_basic
D:4:      layout_loops_ring, nicolae_dithmenos_through_a_glass_darkly,
          nicolae_overflow_hidden_temple
D:5:      layout_basic, mainiacjoe_overflow_concentric_impassable,
          roderic_cross_of_infinity
D:6:      layout_loops_cross, nzn_overflow_gifts_of_might_and_magic,
          kiku_gazebo_pond_becter, kennysheep_generic_room_10
D:7:      layout_rooms, mainiacjoe_overflow_boulevard,
          minmay_temple_entry_enclosed_plants, enter_bailey_2, serial_shops,
          nicolae_shop_bloodbath_and_beyond, kb_rosetta, uniq_crazy_yiuf_cottage
D:8:      minmay_curly_fans, layout_loops_corners, serial_aquarium,
          aquarium_bridge_straight [aquarium_subvault_bridge,
          aquarium_subvault_wall, aquarium_subvault_bridge,
          aquarium_subvault_window], aquarium_window_1, aquarium_window_1,
          aquarium_window_fake, aquarium_window_double, aquarium_view_2d,
          aquarium_view_2a, aquarium_balcony_3b, hellmonk_guarded_unrand_vines,
          uniq_psyche, uniq_erica
D:9:      layout_roguey, serial_curves, eino_curves_03, eino_curves_02,
          uniq_harold
D:10:     layout_irregular_city, mainiacjoe_overflow_small_starburst
D:11:     layout_cave_pools, erik_lair_island, serial_park, serial_park_tiny_1,
          serial_park_gazebo [serial_park_minivault_5x5_3], serial_park_tiny_1,
          serial_park_square3 [serial_park_minivault_5x5_5], serial_park_tiny_1
Temple:   minmay_temple_bridge_abc

Skill      XL: |  1  2  3  4  5  6  7  8  9 10 |
---------------+-------------------------------+-----
Fighting       | 3 |  3.0
Ranged Weapons | 5 6 8 9 11 13 15 17 | 17.2
Dodging        | |  2.1
Stealth        | |  0.7

Action                   |  1- 3 |  4- 6 |  7- 9 | 10-12 || total
-------------------------+-------+-------+-------+-------++-------
 Fire: Shortbow          |    70 |   100 |       |       ||   170
       Arbalest          |       |    34 |   290 |    92 ||   416
  Use: Scroll            |       |       |    15 |       ||    15
       Potion            |       |       |     5 |     3 ||     8
Armor: Scale mail        |    28 |    18 |    93 |       ||   139
       Troll leather arm |       |       |     4 |    19 ||    23
       Skin              |       |       |       |    30 ||    30
Dodge: Dodged            |    26 |    29 |   108 |    53 ||   216
